 Dungeon Crawl Stone Soup version 0.31-a0-267-g3fc6992b3b (webtiles) character file.

Game seed: 17497004093968853928

8339 qw the Skirmisher (level 11, -7/99 HPs)
             Began as a Minotaur Hexslinger on July 13, 2023.
             Was a Priest of Okawaru.
             Mangled by a death knight
             ... wielding a +4 battleaxe
              (28 damage)
             ... on level 9 of the Dungeon.
             The game lasted 00:04:04 (8328 turns).

qw the Skirmisher (Minotaur Hexslinger)             Turns: 8328, Time: 00:04:04

Health: -7/99      AC: 12    Str: 14    XL:     11   Next: 8%
Magic:  11/13      EV: 15    Int: 10    God:    Okawaru [***...]
Gold:   1311       SH:  5    Dex: 16    Spells: 11/12 levels left

rFire   . . .        o - +0 orcbow
rCold   . . .        (shield currently unavailable)
rNeg    + . .        g - +0 ring mail
rPois   .            (helmet restricted)
rElec   .            a - +0 cloak
rCorr   .            j - +1 pair of gloves
SInv    .            c - +0 pair of boots
Will    .....        i - amulet of reflection
Stlth   ++           m - ring of positive energy
HPRegen 0.36/turn    (no ring)
MPRegen 0.13/turn

%: reflection, clarity
@: heroic
A: horns 2, retaliatory headbutt, fangs 1, clarity
a: Renounce Religion, Heroism


You were on level 9 of the Dungeon.
You worshipped Okawaru.
Okawaru was most pleased with you.
You visited 2 branches of the dungeon, and saw 10 of its levels.
You also visited: Ossuary.

You collected 1311 gold pieces.


Innate Abilities, Weirdness & Mutations

You have a pair of horns on your head.
You reflexively headbutt those who attack you in melee.
You have very sharp teeth.
You possess an exceptional clarity of mind.


   Skills:
 - Level 10.0(15.0) Fighting
 + Level 14.3(19.3) Ranged Weapons
 - Level 5.3(10.3) Armour
 - Level 5.0(10.0) Dodging
 - Level 1.0 Spellcasting
 - Level 2.0 Hexes
 - Level 4.0 Invocations


You had 11 spell levels left.
You knew the following spells:

 Your Spells              Type           Power      Damage    Failure   Level
a - Slow                  Hex            16%        N/A       26%         1

Your spell library contained the following spells:

 Spells                   Type           Power      Damage    Failure   Level
 Inner Flame              Hex/Fire       2%         N/A       75%         3
 Portal Projectile        Hex/Tloc       4%         N/A       75%         3
 Cause Fear               Hex            2%         N/A       95%         4

Inventory:

Hand Weapons
 o - a +0 orcbow (weapon)
Armour
 a - a +0 cloak (worn)
 c - a +0 pair of boots (worn)
 g - a +0 ring mail (worn)
 j - a +1 pair of gloves (worn)
Jewellery
 i - an amulet of reflection (around neck)
 m - a ring of positive energy (left hand)
Scrolls
 e - 2 scrolls of identify
Potions
 b - 2 potions of might
 d - 7 potions of curing
 f - 3 potions of haste
 k - a potion of mutation
 l - 4 potions of resistance
 p - a potion of magic

Dungeon Overview and Level Annotations

Branches:
Dungeon (9/15)             Temple (1/1) D:5         Ossuary (visited)
   Lair: D:8-11         Orc: D:9-12

Altars:
Ashenzari
Cheibriados
Dithmenos
Elyvilon
Gozag
Hepliaklqana
Kikubaaqudgha
Makhleb
Nemelex Xobeh
Okawaru
Qazlal
Sif Muna
Trog
Uskayaw
Vehumet
Wu Jian
Yredelemnul
Zin
The Shining One

Annotations:
D:8 2 runed translucent doors


Message History

The death knight is moderately wounded.
The death knight offers itself to Yredelemnul, and fills with unholy energy.
You shoot an arrow.
The arrow closely misses the death knight.
The death knight calls down the wrath of Yredelemnul upon you.
You struggle to resist.
You shoot an arrow. The arrow hits the death knight.
The death knight is moderately wounded.
The death knight reflects your damage back at you!
You shoot an arrow. The arrow hits the death knight!
The death knight is heavily wounded.
The death knight reflects your damage back at you!
You block the death knight's attack.
8322 ||| INVOKING Heroism.
You gain the combat prowess of a mighty hero.
You can no longer speed up your combat.
The death knight hits you with a +4 battleaxe!
You shoot an arrow. The arrow hits the death knight!
The death knight is severely wounded.
The death knight reflects your damage back at you!
You block the death knight's attack.
You shoot an arrow.
The arrow hits the death knight but does no damage.
The death knight is severely wounded.
The death knight completely misses you.
You shoot an arrow.
The arrow completely misses the death knight.
The death knight hits you with a +4 battleaxe!!
You shoot an arrow.
The arrow hits the death knight but does no damage.
The death knight is heavily wounded.
The death knight barely misses you.
You shoot an arrow. The arrow hits the death knight!
The death knight is severely wounded.
The death knight reflects your damage back at you!
You shoot an arrow. The arrow hits the death knight.
The death knight is almost dead.
The death knight reflects your damage back at you!
The death knight hits you with a +4 battleaxe!!
You die...

#........# #.
#........# #.
#........# #%
#........###
#%
##..........
..
###........
#. ##........
#.
#.##.........
#.
#.p@........
+.
#.##..####...
.. #..# ...
## #..# ##
####


You could see a death knight (reflects damage).

Vanquished Creatures
  A centaur warrior (D:9)
  A deep elf pyromancer (D:9)
  A cyclops (D:9)
  Maurice (D:9)
  3 kobold demonologists (D:7)
  An unseen horror zombie (D:8)
  A wraith (D:9)
  A wyvern (D:8)
  6 yaks (D:9)
  4 ice beasts
  A black bear (D:4)
  2 sky beasts (D:6)
  A hornet zombie (D:8)
  4 centaurs
  5 kobold brigands
  4 bullfrogs
  A gnoll sergeant (D:7)
  10 scorpions
  A wyvern zombie (D:8)
  2 necrophages (D:8)
  4 wights (D:9)
  6 killer bees
  An electric eel (D:6)
  4 howler monkeys
  A crimson imp (D:5)
  2 centaur zombies (Ossuary)
  2 human zombies
  A jelly (D:6)
  2 orc priests
  4 hounds
  3 gnoll boudas
  2 iguanas
  A sleepcap (D:6)
  3 scorpion zombies (Ossuary)
  2 orc wizards
  2 killer bee zombies (D:8)
  7 mummies
  A howler monkey zombie (D:8)
  15 gnolls
  4 adders
  2 shadow imps
  2 white imps (D:5)
  3 worms (D:2)
  2 dart slugs
  26 orcs
  7 ball pythons
  6 endoplasms
  3 giant cockroaches
  4 gnoll zombies (Ossuary)
  12 goblins
  4 hobgoblins
  4 jackals
  16 kobolds
  4 quokkas
  4 bats
  4 frilled lizards
  3 goblin zombies (Ossuary)
  5 hobgoblin zombies (Ossuary)
  2 kobold zombies
  2 orc zombies
  5 rats
238 creatures vanquished.

Vanquished Creatures (others)
  2 kobold brigands
2 creatures vanquished.

Grand Total: 240 creatures vanquished

Notes
Turn   | Place    | Note
-------+----------+-------------------------------------------
     0 | D:1      | qw the Minotaur Hexslinger began the quest for the Orb.
     0 | D:1      | Reached XP level 1. HP: 16/16 MP: 1/1
     0 | D:1      | 0 ||| qw: Version: 0.3-a-52-g30416fa
     0 | D:1      | 0 ||| qw: Game counter: 7683
     0 | D:1      | 0 ||| qw: Melee chars always use a shield: true
     0 | D:1      | 0 ||| qw: God list: Okawaru
     0 | D:1      | 0 ||| qw: Allow faded altars: false
     0 | D:1      | 0 ||| qw: Do Orc after clearing Dungeon:15 true
     0 | D:1      | 0 ||| qw: Do second Lair branch before Depths: true
     0 | D:1      | 0 ||| qw: Lair rune preference: random
     0 | D:1      | 0 ||| qw: Goals: Normal
     0 | D:1      | 0 ||| PLANNING D:1-11
     7 | D:1      | 7 ||| SWAPPING to +2 antimagic sling.
     8 | D:1      | 8 ||| DROPPING +1 sling.
    97 | D:1      | Reached skill level 3 in Ranged Weapons
    97 | D:1      | Reached XP level 2. HP: 23/23 MP: 0/2
   112 | D:1      | Found a faded altar of an unknown god.
   290 | D:1      | 290 ||| Stepping ~*~*~tactically~*~*~ (water).
   511 | D:1      | 511 ||| UPGRADING to +1 pair of gloves.
   516 | D:1      | 516 ||| UPGRADING to amulet of reflection.
   521 | D:1      | 521 ||| READING scroll labelled IKU OP INUOT.
   522 | D:1      | 522 ||| READING scroll labelled IWKEOWNI DIUPH.
   523 | D:1      | 523 ||| READING scroll labelled TUIHOU PEKHE.
   524 | D:1      | 524 ||| DRINKING 2 glowing puce potions.
   525 | D:1      | 525 ||| DROPPING scroll of poison.
   594 | D:2      | Reached XP level 3. HP: 29/29 MP: 1/3
   696 | D:2      | Reached skill level 4 in Ranged Weapons
   813 | D:2      | Reached XP level 4. HP: 31/36 MP: 1/4
   980 | D:2      | 980 ||| UPGRADING to +0 ring mail.
   990 | D:2      | 990 ||| DROPPING +0 robe.
   991 | D:2      | 991 ||| READING scroll labelled HOQAOC NYUGH.
   992 | D:2      | 992 ||| READING scroll labelled ONEBBU ZEROCOE.
  1154 | D:3      | Reached skill level 1 in Armour
  1425 | D:3      | Reached skill level 5 in Ranged Weapons
  1675 | D:3      | 1675 ||| READING scroll labelled KOJAMPE XIFOIJ.
  1676 | D:3      | 1676 ||| READING scroll labelled DOAZAQ PUOMN.
  1697 | D:4      | 1697 ||| PLANNING OSSUARY
  1734 | D:4      | 1734 ||| FLEEEEING.
  1735 | D:4      | 1735 ||| FLEEEEING.
  1736 | D:4      | 1736 ||| FLEEEEING.
  1737 | D:4      | 1737 ||| FLEEEEING.
  1738 | D:4      | 1738 ||| FLEEEEING.
  1739 | D:4      | 1739 ||| FLEEEEING.
  1740 | D:4      | 1740 ||| STAIRDANCE
  1775 | D:4      | 1775 ||| STAIRDANCE
  1801 | D:4      | 1801 ||| STAIRDANCE
  1805 | D:3      | Reached skill level 3 in Fighting
  1805 | D:3      | Reached XP level 5. HP: 41/45 MP: 1/5
  1960 | D:4      | Reached skill level 6 in Ranged Weapons
  1960 | D:4      | Reached XP level 6. HP: 50/51 MP: 2/6
  1985 | D:4      | Found a sand-covered staircase.
  1994 | D:4      | 1994 ||| UPGRADING to +0 pair of boots.
  2002 | Ossuary  | Entered an ossuary
  2094 | Ossuary  | HP: 13/52 [scorpion zombie (2)]
  2099 | Ossuary  | HP: 9/52 [poisoned by a scorpion]
  2101 | Ossuary  | HP: 3/52 [scorpion zombie (5)]
  2106 | Ossuary  | HP: 1/52 [scorpion zombie (3)]
  2114 | Ossuary  | HP: 3/52 [gnoll zombie (1)]
  2299 | Ossuary  | Reached skill level 7 in Ranged Weapons
  2458 | Ossuary  | Reached XP level 7. HP: 56/59 MP: 2/7
  2596 | Ossuary  | Reached skill level 8 in Ranged Weapons
  2716 | Ossuary  | 2716 ||| READING scroll labelled NAACKE TEAHEU.
  2717 | Ossuary  | 2717 ||| READING scroll labelled SOOTHI ARORCH.
  2718 | Ossuary  | 2718 ||| READING scroll labelled DEAPHO DIO.
  2718 | Ossuary  | Identified a scroll of acquirement
  2718 | Ossuary  | 2718 ||| ACQUIRING 698 gold pieces
  2718 | Ossuary  | Acquired 698 gold pieces
  2720 | Ossuary  | 2720 ||| READING scroll labelled GUDAIVE LOTWU.
  2721 | Ossuary  | 2721 ||| DRINKING 2 sedimented ruby potions.
  2722 | Ossuary  | 2722 ||| READING 2 scrolls of identify.
  2722 | Ossuary  | 2722 ||| IDENTIFYING sapphire potion
  2723 | Ossuary  | 2723 ||| DROPPING potion of lignification.
  2776 | D:4      | 2776 ||| PLANNING D:1-11
  2981 | D:4      | Found a stormy altar of Qazlal.
  3089 | D:4      | 3089 ||| READING scroll labelled XUFYR GICIM.
  3139 | D:4      | 3139 ||| READING 2 scrolls of identify.
  3139 | D:4      | 3139 ||| IDENTIFYING metallic brown potion
  3166 | D:5      | Entered Level 5 of the Dungeon
  3243 | D:5      | Found a glowing silver altar of Zin.
  3243 | D:5      | Found a glowing golden altar of the Shining One.
  3244 | D:5      | Found a white marble altar of Elyvilon.
  3265 | D:5      | Found a staircase to the Ecumenical Temple.
  3266 | D:5      | 3266 ||| PLANNING TEMPLE
  3266 | D:5      | 3266 ||| READING scroll labelled INAAFE CEMECH.
  3272 | Temple   | Entered the Ecumenical Temple
  3272 | Temple   | Found a transporter.
  3272 | Temple   | Found a transporter.
  3274 | Temple   | Found a transporter.
  3274 | Temple   | Found a transporter.
  3284 | Temple   | 3284 ||| PLANNING D:1-11
  3287 | Temple   | 3287 ||| PLANNING OKAWARU WORSHIP
  3293 | Temple   | Became a worshipper of Warmaster Okawaru
  3294 | Temple   | 3294 ||| PLANNING D:1-11
  3392 | D:5      | Reached skill level 9 in Ranged Weapons
  3392 | D:5      | Reached XP level 8. HP: 65/68 MP: 8/8
  3521 | D:5      | Reached skill level 6 in Fighting
  3565 | D:5      | Found a sparkling altar of Nemelex Xobeh.
  3617 | D:5      | Reached skill level 3 in Dodging
  3931 | D:5      | Reached * piety under Okawaru
  3974 | D:5      | 3974 ||| UPGRADING to +0 cloak.
  3979 | D:5      | 3979 ||| DRINKING 2 viscous cyan potions.
  3980 | D:5      | 3980 ||| READING 2 scrolls of identify.
  3980 | D:5      | 3980 ||| IDENTIFYING murky inky potion
  3981 | D:5      | 3981 ||| DROPPING potion of brilliance.
  4292 | D:6      | Reached skill level 1 in Invocations
  4366 | D:6      | 4366 ||| SWAPPING to +0 orcbow.
  4367 | D:6      | 4367 ||| DROPPING +3 sling of chaos.
  4403 | D:6      | Reached skill level 3 in Armour
  4494 | D:6      | 4494 ||| INVOKING Heroism.
  4509 | D:6      | 4509 ||| FLEEEEING.
  4510 | D:6      | 4510 ||| FLEEEEING.
  4516 | D:6      | 4516 ||| INVOKING Heroism.
  4571 | D:6      | Reached skill level 10 in Ranged Weapons
  5005 | D:6      | 5005 ||| INVOKING Heroism.
  5008 | D:6      | Reached XP level 9. HP: 78/78 MP: 6/9
  5106 | D:6      | Reached skill level 3 in Invocations
  5144 | D:6      | 5144 ||| DRINKING 2 fizzy golden potions.
  5144 | D:6      | Gained mutation: You possess an exceptional clarity of
                  | mind. [potion of mutation]
  5144 | D:6      | Gained mutation: You have very sharp teeth. [potion of
                  | mutation]
  5145 | D:6      | 5145 ||| DRINKING 2 red potions.
  5146 | D:6      | 5146 ||| READING 2 scrolls of identify.
  5146 | D:6      | 5146 ||| IDENTIFYING ruby potion
  5147 | D:6      | 5147 ||| DROPPING potion of attraction.
  5148 | D:6      | 5148 ||| DROPPING potion of degeneration.
  5354 | D:7      | 5354 ||| INVOKING Heroism.
  5429 | D:7      | 5429 ||| Stepping ~*~*~tactically~*~*~ (outnumbered).
  5599 | D:7      | 5599 ||| INVOKING Heroism.
  6088 | D:7      | Found the +7 Throatcutter {drain, coup de grace}
  6088 | D:7      | Noticed a kobold demonologist
  6088 | D:7      | Noticed a kobold demonologist
  6088 | D:7      | Noticed a kobold demonologist
  6095 | D:7      | Noticed an ice devil
  6098 | D:7      | Killed a kobold demonologist
  6099 | D:7      | Reached skill level 11 in Ranged Weapons
  6105 | D:7      | 6105 ||| Stepping ~*~*~tactically~*~*~ (outnumbered).
  6116 | D:7      | Killed a kobold demonologist
  6116 | D:7      | Reached ** piety under Okawaru
  6119 | D:7      | Noticed a smoke demon
  6122 | D:7      | 6122 ||| INVOKING Heroism.
  6123 | D:7      | Noticed a hellwing
  6126 | D:7      | Killed a kobold demonologist
  6204 | D:7      | 6204 ||| READING 2 scrolls of identify.
  6204 | D:7      | 6204 ||| IDENTIFYING amethyst potion
  6230 | D:8      | 6230 ||| STAIRDANCE
  6289 | D:8      | Reached skill level 12 in Ranged Weapons
  6289 | D:8      | Reached XP level 10. HP: 80/86 MP: 12/12
  6331 | D:8      | Found a large runed translucent door.
  6332 | D:8      | Found a large runed translucent door.
  6382 | D:8      | 6382 ||| Stepping ~*~*~tactically~*~*~ (outnumbered).
  6571 | D:8      | Found a basalt altar of Yredelemnul.
  7283 | D:8      | 7283 ||| INVOKING Heroism.
  7408 | D:8      | 7408 ||| UPGRADING to ring of positive energy.
  7588 | D:9      | Identified the +4 chain mail of a sewer {rPois rC+ Dex+2}
  7602 | D:9      | Reached *** piety under Okawaru
  7616 | D:9      | Reached skill level 13 in Ranged Weapons
  7642 | D:9      | Noticed Maurice
  7654 | D:9      | Killed Maurice
  7676 | D:9      | Noticed a cyclops
  7677 | D:9      | 7677 ||| INVOKING Heroism.
  7688 | D:9      | Killed a cyclops
  7689 | D:9      | Reached skill level 9 in Fighting
  7803 | D:9      | 7803 ||| INVOKING Heroism.
  8031 | D:9      | 8031 ||| INVOKING Heroism.
  8049 | D:9      | 8049 ||| INVOKING Heroism.
  8050 | D:9      | HP: 17/91 [yak (11)]
  8051 | D:9      | 8051 ||| READING scroll of teleportation.
  8057 | D:9      | Reached skill level 14 in Ranged Weapons
  8304 | D:9      | Noticed a deep elf pyromancer
  8305 | D:9      | Noticed a centaur warrior
  8308 | D:9      | Noticed a death knight
  8309 | D:9      | Killed a deep elf pyromancer
  8310 | D:9      | Reached XP level 11. HP: 99/99 MP: 13/13
  8313 | D:9      | Killed a centaur warrior
  8313 | D:9      | Reached **** piety under Okawaru
  8322 | D:9      | 8322 ||| INVOKING Heroism.
  8327 | D:9      | HP: 24/99 [mirror damage (9)]
  8328 | D:9      | Mangled by a death knight

Levels and vault maps discovered:
D:1:      lightli_arrival_quake, layout_rooms,
          hellmonk_ecumenical_altar_lost_god, serial_rivers,
          chequers_serial_rivers_small_3, chequers_serial_rivers_room_b,
          chequers_serial_rivers_micro_b, chequers_serial_rivers_micro_c,
          chequers_serial_rivers_micro_e, minmay_misc_feat_tiny
D:2:      layout_rooms, hangedman_decor_opposing
D:3:      layout_basic
D:4:      layout_basic, nicolae_qazlal_general_emergency,
          nicolae_ossuary_entry_giza
D:5:      layout_gridville, good_gods_temple_1, nemelex_diamond_rough_becter,
          minmay_temple_entry_tees, minmay_fire_ice_demons
D:6:      layout_basic, serial_bayou_lagoon_a, hellmonk_no_cap
D:7:      layout_basic, dilly_guarded_unrand_throatcut
D:8:      layout_loops_ring, lemuel_mausoleum_altar_yredelemnul,
          jmf_multi_god_temple2, minmay_misc_feat_tower, nrook_mini_vaults,
          minmay_manual_mullet
D:9:      minmay_cornered_nines, layout_irregular_city,
          mainiacjoe_overflow_surrounded_room, uniq_maurice
Temple:   hellmonk_temple_divided_pantheon

Skill      XL: |  1  2  3  4  5  6  7  8  9 10 |
---------------+-------------------------------+-----
Ranged Weapons | 3 4 5 6 7 9 10 12 14 | 14.3
Fighting       | 2 3 4 5 6 7 10 | 10.0
Armour         | 1 2 3 5 |  5.3
Dodging        | 3 5 |  5.0
Invocations    | 2 4 |  4.0
Spellcasting   | |  1.0
Hexes          | |  2.0

Action                     |  1- 3 |  4- 6 |  7- 9 | 10-12 || total
---------------------------+-------+-------+-------+-------++-------
   Fire: Sling             |   132 |   231 |   147 |       ||   510
         Orcbow            |       |       |   237 |   292 ||   529
 Invoke: Heroism           |       |       |     6 |     6 ||    12
    Use: Scroll            |     3 |     4 |    11 |     1 ||    19
         Potion            |     1 |       |     4 |       ||     5
 Armour: Robe              |    11 |       |       |       ||    11
         Ring mail         |       |    65 |    79 |    45 ||   189
  Dodge: Dodged            |    17 |    87 |   105 |   110 ||   319
  Block: Other             |     8 |    46 |    53 |    49 ||   156
         Reflection        |       |       |     7 |     8 ||    15

Table legend:
 A = Non-vault XP
 B = Vault XP
 C = Vault XP percentage of total XP
 D = Non-vault monster count
 E = Vault monster count
 F = Vault count percentage of total count
                 A         B        C        D         E       F
            +---------+---------+-------+---------+---------+-------
      Total |    6324 |    5589 |  46.9 |     179 |      62 |  25.7
            +---------+---------+-------+---------+---------+-------
        D:1 |      38 |       0 |   0.0 |      21 |       0 |   0.0
        D:2 |      63 |       0 |   0.0 |      18 |       0 |   0.0
        D:3 |     111 |       0 |   0.0 |      28 |       0 |   0.0
        D:4 |     324 |      20 |   5.8 |      15 |       3 |  16.7
        D:5 |     577 |      60 |   9.4 |      12 |       2 |  14.3
        D:6 |     961 |      50 |   4.9 |      15 |       2 |  11.8
        D:7 |     962 |    1522 |  61.3 |      34 |       7 |  17.1
        D:8 |     558 |    1194 |  68.2 |      12 |      16 |  57.1
        D:9 |    2730 |    1919 |  41.3 |      24 |       3 |  11.1
    Ossuary |       0 |     824 | 100.0 |       0 |      29 | 100.0
            +---------+---------+-------+---------+---------+-------
